Map: Romanticide LE

Players

MarineLorD - Winner!

  • Race: Terran Terran
  • League: Master

uwuThermal (uThermal)

  • Race: Terran Terran
  • League: Master

Event: DreamHack SC2 Masters 2021 Summer

VOD

Have the link to the VOD?

Description

Time

  • Played on: May 29, 2021, 12:31 p.m.
  • Length: 20:28

All games in this series

Show
View Real Time Build Order
Export as new Build Order

MarineLorD Terran - Winner!

Build Orders:  

Get SALT Encoding   

  12  0:00  SCV  
  13  0:12  SCV  
  14  0:16  Supply Depot  
  14  0:24  SCV  
  15  0:38  SCV  
  15  0:40  Barracks  
  16  0:43  Refinery  
  16  0:50  SCV  
  16  0:54  Refinery  
  17  1:02  SCV  
  18  1:14  SCV  
  19  1:26  Reaper  
  19  1:27  Orbital Command  
  19  1:28  Supply Depot  
  20  1:43  Factory  
  20  1:52  SCV  
  21  1:59  Reaper  
  22  2:04  SCV  
  23  2:16  SCV  
  24  2:29  SCV, Hellion  
  27  2:31  Reaper  
  27  2:36  Supply Depot  
  27  2:42  SCV  
  27  2:53  Hellion  
  27  2:54  SCV  
  29  3:04  Marine  
  26  3:06  SCV  
  26  3:14  Hellion  
  26  3:19  SCV  
  29  3:26  Barracks Reactor  
  29  3:31  SCV  
  30  3:37  Command Center  
  30  3:41  Factory Tech Lab  
  30  3:48  Starport, SCV  
  31  4:00  SCV  
  32  4:04  Cyclone  
  32  4:06  Supply Depot  
  35  4:12  SCV  
  36  4:17  Marine x2  
  36  4:23  Starport Tech Lab  
  38  4:25  SCV  
  39  4:36  Cyclone  
  39  4:37  SCV  
  43  4:42  Raven  
  45  4:49  SCV  
  45  4:52  Orbital Command  
  46  5:01  Command Center  
  46  5:03  Marine x2  
  46  5:05  SCV  
  49  5:13  Orbital Command  
  49  5:14  Siege Tank  
  52  5:18  SCV  
  54  5:28  Raven  
  55  5:30  SCV  
  55  5:34  Refinery  
  56  5:41  SCV  
  56  5:42  SCV  
  58  5:46  Siege Tank  
  58  5:47  Supply Depot  
  61  5:53  Refinery, SCV  
  62  6:02  Supply Depot  
  62  6:08  SCV x2  
  64  6:12  Supply Depot  
  64  6:18  Orbital Command  
  64  6:20  SCV x2  
  66  6:28  Viking x2  
  66  6:32  SCV x2  
  72  6:33  Siege Tank  
  72  6:37  Supply Depot  
  75  6:44  SCV x2  
  75  6:45  SCV  
  75  6:46  Marine  
  79  6:47  Stimpack  
  79  6:51  Orbital Command  
  79  6:56  SCV x2  
  79  6:58  Viking x2  
  85  7:07  Marine  
  86  7:09  SCV x2  
  86  7:10  Barracks x2, Siege Tank  
  91  7:21  SCV x2  
  92  7:31  Viking  
  92  7:33  SCV x2  
  92  7:36  Starport  
  96  7:38  SCV  
  96  7:42  Marine  
  96  7:45  SCV x2, Engineering Bay  
  96  7:46  Viking, Supply Depot  
  96  7:50  SCV  
  101  7:57  Refinery, SCV x2  
  101  7:58  Refinery  
  103  8:01  Viking  
  103  8:03  Barracks Reactor, SCV, Barracks Tech Lab  
  103  8:04  Marine  
  107  8:09  SCV x2  
  107  8:12  Supply Depot  
  109  8:13  Terran Infantry Weapons Level 1  
  109  8:14  Siege Tank  
  109  8:15  SCV  
  109  8:19  Viking  
  112  8:21  SCV x2  
  114  8:27  SCV  
  114  8:29  Starport Reactor  
  114  8:32  Command Center  
  114  8:33  SCV x2  
  117  8:39  SCV  
  118  8:41  Barracks  
  118  8:42  Barracks, Supply Depot x2  
  118  8:45  SCV x2  
  120  8:48  Viking  
  120  8:49  Viking  
  120  8:51  SCV  
  125  8:58  SCV x2, Marine x4, Supply Depot  
  125  9:00  Supply Depot  
  131  9:03  SCV, Siege Tank  
  131  9:08  Sensor Tower  
  132  9:10  SCV  
  132  9:11  Viking x2  
  132  9:12  Supply Depot  
  132  9:13  SCV, Supply Depot  
  132  9:15  SCV  
  139  9:19  Armory  
  139  9:20  Marauder x2, Marine  
  139  9:21  Marine  
  145  9:34  Barracks Reactor, Barracks Tech Lab  
  145  9:35  Siege Tank  
  148  9:38  SCV x2  
  148  9:39  Liberator x2  
  148  9:40  SCV  
  157  9:48  Liberator  
  157  9:49  Liberator  
  157  9:52  Refinery  
  163  9:55  SCV x2  
  163  9:58  Refinery  
  162  10:00  SCV  
  162  10:02  SCV  
  162  10:05  Marauder x2  
  162  10:06  Marauder, Concussive Shells, Combat Shield  
  167  10:08  Terran Ship Weapons Level 1  
  167  10:10  Terran Infantry Weapons Level 2  
  167  10:15  Orbital Command  
  167  10:17  SCV x3  
  170  10:23  Siege Tank  
  170  10:27  Marauder x3  
  170  10:28  Liberator  
  176  10:34  Viking  
  181  10:35  Viking  
  183  10:47  Command Center  
  183  10:56  Marine x2  
  185  10:57  Marauder  
  185  11:03  Viking  
  172  11:04  Viking  
  172  11:05  Viking  
  172  11:08  Fusion Core  
  172  11:11  Marauder x2, Viking  
  169  11:17  Siege Tank  
  176  11:18  Marauder  
  176  11:22  SCV x3  
  176  11:24  Armory  
  179  11:32  Marauder  
  181  11:33  Viking  
  181  11:34  Viking  
  181  11:35  Viking  
  187  11:41  Viking  
  189  11:58  Orbital Command  
  189  12:00  Command Center  
  189  12:02  Advanced Ballistics  
  189  12:03  Command Center, Viking  
  189  12:04  Terran Vehicle And Ship Armor Level 1, Viking  
  189  12:05  Viking  
  189  12:06  Siege Tank  
  198  12:18  Command Center  
  198  12:19  Command Center  
  193  12:26  Liberator  
  193  12:32  Liberator  
  193  12:34  Liberator  
  193  12:35  Liberator  
  194  12:58  Terran Ship Weapons Level 2  
  194  13:00  Starport x2  
  194  13:02  Starport  
  194  13:03  Barracks  
  194  13:04  Barracks  
  194  13:05  Barracks  
  194  13:09  Liberator  
  194  13:12  Sensor Tower  
  197  13:15  Liberator  
  198  13:23  Orbital Command, Command Center  
  198  13:24  Command Center  
  198  13:38  Missile Turret  
  198  13:43  Refinery, Orbital Command, Missile Turret  
  198  13:44  Orbital Command  
  198  13:45  Refinery  
  198  13:55  Starport Tech Lab x3  
  198  13:56  Barracks Tech Lab x2  
  198  13:57  Barracks Tech Lab  
  186  14:17  Liberator x4  
  186  14:18  Raven  
  186  14:19  Raven  
  196  14:33  Liberator  
  186  14:48  Command Center  
  186  14:50  Marauder x2  
  186  15:07  Marauder x2  
  190  15:09  Orbital Command x2  
  190  15:10  Terran Vehicle And Ship Armor Level 2  
  184  15:14  Liberator x4  
  187  15:27  Terran Ship Weapons Level 3  
  187  15:28  Weapon Refit  
  187  15:37  Liberator x2  
  193  15:43  Sensor Tower  
  193  15:51  Planetary Fortress  
  193  15:56  Command Center  
  187  15:58  Command Center  
  187  16:03  Sensor Tower  
  187  16:07  Missile Turret  
  187  16:10  Planetary Fortress  
  185  16:35  Viking x2  
  185  16:36  Viking x3  
  185  16:37  Viking x2  
  160  17:01  Command Center  
  160  17:05  Viking x2  
  160  17:06  Viking x3  
  160  17:07  Marauder x4  
  172  17:14  Liberator  
  176  17:23  Terran Infantry Weapons Level 3  
  176  17:27  Command Center  
  176  17:28  Unknown  
  170  17:35  Liberator x3  
  179  17:43  Siege Tank  
  174  17:45  Marauder x6  
  174  17:49  Liberator x2  
  186  18:04  Orbital Command x2, Terran Vehicle Weapons Level 1  
  186  18:06  Marauder  
  186  18:12  Liberator x2  
  194  18:15  Command Center x2  
  194  18:16  Siege Tank  
  194  18:18  Liberator  
  197  18:31  Liberator  
  200  18:53  Liberator x3  
  200  18:55  Liberator  
  179  19:02  Planetary Fortress  
  179  19:04  Refinery x2  
  179  19:05  Missile Turret x3  
  179  19:07  Smart Servos  
  179  19:13  Liberator  
  179  19:14  Liberator  
  179  19:15  Siege Tank  
  185  19:36  Viking x2  
  186  19:39  Raven x2  
  186  19:40  Raven  
  186  19:45  Orbital Command  
  177  19:46  Missile Turret  
  177  19:47  Missile Turret, Siege Tank  
  177  19:49  Missile Turret  
  170  19:57  Marauder x2  
  170  19:58  Marine x6  
Show
View Real Time Build Order
Export as new Build Order

uwuThermal Terran 

Build Orders: Mech 

Get SALT Encoding   

  12  0:00  SCV  
  13  0:13  Supply Depot  
  13  0:19  SCV  
  14  0:35  Barracks  
  14  0:40  Refinery  
  14  0:55  Barracks  
  14  1:00  SCV  
  15  1:12  SCV  
  16  1:22  Reaper  
  16  1:24  Orbital Command  
  17  1:32  Refinery  
  17  1:42  Reaper  
  18  1:50  SCV  
  19  1:56  Supply Depot  
  19  1:58  Reaper  
  20  2:02  SCV  
  20  2:14  Reaper, SCV  
  22  2:26  SCV  
  23  2:35  Factory  
  23  2:39  SCV  
  22  3:06  SCV  
  22  3:15  Command Center  
  22  3:19  Factory Tech Lab  
  21  3:21  Starport  
  21  3:22  SCV  
  22  3:34  SCV  
  22  3:37  Cyclone  
  26  3:46  SCV  
  27  3:49  Supply Depot  
  27  3:58  Starport Tech Lab, SCV  
  28  4:07  Barracks Reactor  
  28  4:09  Cyclone  
  31  4:11  SCV  
  32  4:19  Raven  
  32  4:23  SCV  
  35  4:25  Refinery  
  35  4:35  SCV  
  35  4:37  Command Center  
  36  4:47  SCV  
  36  4:51  Orbital Command  
  37  4:54  Siege Tank  
  37  4:59  SCV, Marine  
  42  5:00  Marine  
  43  5:08  Refinery  
  43  5:11  SCV, Raven  
  46  5:16  SCV  
  46  5:18  Marine  
  48  5:21  Marine  
  48  5:24  SCV  
  48  5:26  Supply Depot  
  50  5:28  SCV  
  51  5:36  SCV  
  51  5:38  Siege Tank  
  51  5:39  Marine  
  54  5:48  SCV x2, Marine, Supply Depot  
  57  5:53  Orbital Command  
  57  5:57  Raven  
  57  6:00  SCV  
  57  6:02  SCV  
  61  6:10  Siege Tank  
  64  6:12  SCV  
  64  6:13  Marine x2  
  64  6:14  SCV  
  69  6:18  SCV  
  69  6:24  SCV  
  70  6:26  SCV  
  70  6:28  Orbital Command  
  71  6:36  SCV  
  71  6:38  SCV  
  73  6:44  Siege Tank  
  76  6:47  Barracks Reactor  
  76  6:48  Factory  
  76  6:49  SCV, Factory  
  76  6:50  SCV  
  76  6:51  Refinery  
  76  6:52  Viking x2  
  76  6:53  SCV  
  83  6:55  Refinery  
  83  6:59  Engineering Bay, Supply Depot x2  
  83  7:01  SCV  
  84  7:02  SCV  
  85  7:09  Supply Depot  
  85  7:16  Supply Depot  
  85  7:21  SCV x3  
  85  7:22  Viking x2  
  89  7:27  Siege Tank  
  94  7:33  SCV  
  94  7:34  SCV  
  94  7:36  Siege Tank  
  99  7:38  SCV, Sensor Tower  
  104  7:44  Hellion x2  
  104  7:46  SCV  
  103  7:51  SCV  
  103  7:53  Missile Turret  
  103  7:54  Missile Turret  
  103  7:55  Viking  
  106  7:59  Viking  
  106  8:00  Hellion  
  106  8:02  SCV  
  106  8:03  SCV  
  106  8:04  Supply Depot  
  112  8:07  SCV  
  112  8:14  SCV  
  112  8:15  SCV  
  112  8:17  Siege Tank  
  112  8:18  Armory  
  112  8:19  Armory  
  117  8:24  Supply Depot  
  117  8:25  Supply Depot  
  117  8:26  SCV, Siege Tank  
  121  8:27  SCV  
  121  8:31  Hellion  
  124  8:36  SCV, Supply Depot  
  125  8:45  Viking x2  
  125  8:46  Hellion, Supply Depot  
  131  8:57  Hellion, Siege Tank  
  131  9:00  Command Center  
  136  9:03  Siege Tank  
  136  9:05  SCV  
  136  9:09  Terran Vehicle And Ship Armor Level 1, Terran Vehicle Weapons Level 1  
  136  9:16  Factory  
  136  9:17  Factory, Viking x2  
  136  9:21  Hellion  
  136  9:22  Hellion  
  144  9:24  SCV, Supply Depot  
  144  9:25  SCV  
  144  9:28  Smart Servos, Infernal Pre-Igniter  
  146  9:35  Siege Tank  
  149  9:40  Supply Depot, Siege Tank  
  149  9:43  Hellion x2  
  156  9:46  Supply Depot  
  156  9:47  Viking  
  156  9:50  Viking  
  160  10:02  Factory Tech Lab, Factory Reactor  
  160  10:04  Hellion  
  160  10:07  Siege Tank  
  160  10:08  Missile Turret  
  160  10:09  Missile Turret  
  160  10:10  Missile Turret  
  160  10:13  Missile Turret  
  163  10:16  SCV x3, Missile Turret  
  166  10:22  Thor  
  172  10:28  SCV  
  172  10:31  Thor  
  172  10:35  Viking  
  181  10:37  Viking  
  181  10:42  Planetary Fortress  
  183  10:47  Refinery  
  183  10:49  Refinery  
  183  10:51  SCV  
  180  11:03  Thor  
  164  11:04  Hellion  
  164  11:05  Viking  
  164  11:06  Hellion x2  
  164  11:07  Viking  
  164  11:08  SCV, Hellion  
  165  11:12  Siege Tank  
  165  11:13  SCV  
  165  11:15  SCV  
  170  11:20  SCV, Siege Tank  
  177  11:25  SCV, Hellion  
  177  11:30  Command Center  
  177  11:38  Viking  
  179  11:43  Sensor Tower  
  179  11:47  Thor  
  179  11:52  Sensor Tower  
  179  11:53  Missile Turret  
  185  11:59  Thor  
  191  12:04  Viking  
  191  12:06  Terran Vehicle Weapons Level 2  
  193  12:09  Supply Depot  
  193  12:11  Terran Vehicle And Ship Armor Level 2  
  182  12:31  Thor, Siege Tank  
  182  12:32  Hellion  
  182  12:35  Viking  
  182  12:36  Hellion x2  
  195  12:39  Command Center  
  195  12:40  Viking  
  199  12:44  Hellion  
  197  12:56  SCV  
  198  13:00  SCV  
  198  13:01  Starport x2  
  199  13:10  Command Center  
  199  13:12  Command Center  
  199  13:28  SCV  
  199  13:32  Planetary Fortress  
  200  13:42  Starport Reactor x2  
  200  13:46  Drilling Claws  
  200  13:48  Mag-Field Accelerator  
  200  13:53  Orbital Command  
  200  14:00  Refinery  
  200  14:02  Refinery  
  200  14:04  Missile Turret  
  200  14:08  Missile Turret x4  
  200  14:12  Widow Mine  
  200  14:16  Widow Mine x2  
  200  14:26  Orbital Command  
  200  14:32  Missile Turret x2  
  196  14:50  Widow Mine x2, Viking x2, Siege Tank x3  
  196  14:51  Viking x2  
  200  14:54  Orbital Command  
  200  14:58  Viking  
  195  15:04  Missile Turret  
  195  15:06  Missile Turret  
  178  15:16  Viking  
  178  15:18  Hellion x3  
  178  15:20  Viking  
  179  15:23  Terran Vehicle And Ship Armor Level 3, Terran Vehicle Weapons Level 3  
  179  15:24  Starport, SCV  
  179  15:26  Starport, Fusion Core  
  180  15:28  Command Center  
  180  15:29  Orbital Command  
  180  15:32  Command Center  
  180  15:38  Viking x2, Siege Tank x2  
  180  15:41  SCV  
  191  15:47  Viking  
  193  15:55  Orbital Command  
  191  15:59  Viking  
  191  16:00  Viking  
  193  16:04  Viking  
  191  16:19  Orbital Command, Starport Tech Lab x2  
  191  16:23  Planetary Fortress  
  191  16:27  Missile Turret x2  
  182  16:39  Viking  
  143  16:40  Viking x4  
  143  16:41  Thor x2  
  143  16:42  Widow Mine  
  143  16:43  Thor  
  152  16:48  Widow Mine x2  
  152  16:50  SCV  
  144  16:54  Orbital Command  
  144  16:56  Widow Mine  
  146  17:03  Widow Mine  
  146  17:09  Widow Mine, Battlecruiser  
  146  17:10  Widow Mine  
  153  17:18  Widow Mine  
  153  17:22  Viking, Battlecruiser  
  163  17:24  Thor  
  151  17:35  Planetary Fortress  
  147  17:48  SCV  
  147  17:49  SCV  
  142  17:54  SCV  
  142  17:55  Missile Turret  
  142  17:57  Orbital Command  
  143  18:09  SCV  
  143  18:13  Battlecruiser  
  143  18:16  Viking  
  143  18:17  Viking x3  
  143  18:18  Widow Mine  
  143  18:19  Widow Mine  
  163  18:20  Widow Mine  
  163  18:22  Widow Mine  
  163  18:24  Widow Mine x2  
  163  18:26  Battlecruiser  
  175  18:31  Terran Ship Weapons Level 1  
  175  18:33  Viking  
  177  18:35  Viking  
  177  18:37  Widow Mine  
  175  18:46  Viking  
  131  19:07  SCV  
  132  19:11  SCV, Viking x2  
  132  19:12  SCV x3  
  132  19:16  SCV x2  
  142  19:17  SCV x2  
  142  19:18  Battlecruiser  
  142  19:19  SCV  
  151  19:27  SCV x2  
  142  19:42  SCV  
  141  19:54  Widow Mine x2  
  141  19:55  Widow Mine x3  
  141  19:56  SCV  
  141  19:58  SCV  
Tags
 
Add a new tag
Caveats
  • Supply blocks, unpowered buildings, or Contaminate may cause inaccurate times.
  • Supply counts are checked every 10 seconds.